 Dungeon Crawl Stone Soup version 0.31.0-32-g396128a36d (webtiles) character file.

Game seed: 3754341777910829835

5403 MollyMolluskus the Grappler (level 10, -12/72 HPs)
             Began as an Octopode Fighter on Mar 31, 2024.
             Was a Believer of Wu Jian.
             Mangled by Harold
             ... wielding a +4 glaive of venom
              (27 damage)
             ... on level 9 of the Dungeon.
             The game lasted 00:30:09 (8399 turns).

MollyMolluskus the Grappler (Octopode Fighter)      Turns: 8399, Time: 00:30:09

Health: -12/72     AC:  1    Str: 21    XL:     10   Next: 67%
Magic:  10/10      EV: 15    Int: 10    God:    Wu Jian [**....]
Gold:   1111       SH:  6    Dex: 11    Spells: 9/9 levels left

rFire   . .          .
                       - Unarmed
rCold   . . .        a - +2 buckler
rNeg    . . .        (helmet restricted)
rPois   .            (no amulet)
rElec   .            l - ring of willpower
rCorr   .            (no ring)
SInv    .            (no ring)
Will    +....        (no ring)
Stlth   +++          (no ring)
HPRegen 0.32/turn    (no ring)
MPRegen 0.12/turn    (no ring)
                     (no ring)

%: no passive effects
@: no status effects
A: almost no armour, amphibious, 8 rings, camouflage 1, gelatinous body 1,
(nimble swimmer 1), tentacles
a: Renounce Religion, Wall Jump


You were on level 9 of the Dungeon.
You worshipped Wu Jian.
Wu Jian was pleased with you.
You visited 1 branch of the dungeon, and saw 9 of its levels.

You collected 1295 gold pieces.
You spent 184 gold pieces at shops.

Inventory:

Hand Weapons
 t - the +3 short sword of Ofaqe {freeze, +Blink rCorr Int-3 Stlth+}
   (You found it on level 7 of the Dungeon)

   Int-3:     It affects your intelligence (-3).
   +Blink:    It lets you blink.
   rCorr:     It protects you from acid and corrosion.
   Stlth+:    It makes you more stealthy.
Missiles
 f - 13 boomerangs (quivered)
 h - 3 javelins
 n - 12 poisoned darts
Armour
 a - a +2 buckler (worn)
Jewellery
 l - a ring of willpower (left tentacle)
 m - a ring of magical power
Talismans
 q - a serpent talisman
Wands
 d - a wand of polymorph (6)
 v - a wand of paralysis (7)
Scrolls
 b - a scroll of blinking
 i - a scroll of torment
 j - 2 scrolls of teleportation
 k - a scroll of immolation
 p - a scroll of fog
 u - a scroll of poison
Potions
 c - a potion of invisibility
 e - 2 potions of resistance
 o - a potion of heal wounds
 r - 2 potions of lignification {unknown}
 s - a potion of attraction {unknown}


   Skills:
 + Level 7.8 Fighting
 + Level 7.9 Dodging
 - Level 4.0 Stealth
 - Level 4.0 Shields
 * Level 10.5 Unarmed Combat
 - Level 4.0 Evocations


You had 9 spell levels left.
You didn't know any spells.
Your spell library contained the following spells:

 Spells                   Type           Power      Damage    Failure   Level
 Magic Dart               Conj           0%         1d3       43%         1
 Blink                    Tloc           0%         N/A       56%         2
 Call Imp                 Summ           0%         N/A       56%         2
 Sublimation of Blood     Necr           0%         N/A       56%         2
 Tukima's Dance           Hex            0%         N/A       80%         3
 Passage of Golubria      Tloc           0%         N/A       99%         4
 Yara's Violent Unravell  Hex/Alch       0%         3d3       100%        5
 Summon Hydra             Summ           0%         N/A       100%        7


Dungeon Overview and Level Annotations

Branches:
Dungeon (9/15)             Temple (0/1) D:6            Lair (0/5) D:9
    Orc: D:9-12

Altars:
Okawaru
Sif Muna
Wu Jian

Shops:
D:8 ?   D:9 (

Annotations:
D:9 Harold


Innate Abilities, Weirdness & Mutations

You cannot wear most types of armour.
You are amphibious.
You can wear up to eight rings at the same time.
Your skin changes colour to match your surroundings (Stealth+).
Your rubbery body absorbs attacks. (AC +1, EV +1)
((You are camouflaged when in or above water. (Stealth+)))
You have tentacles for arms and can constrict up to eight enemies at once.


Message History

Found 5 stones.
Found 17 gold pieces.
You now have 1111 gold pieces (gained 17).
A bullfrog comes into view.
You lunge at the bullfrog.
The helpless bullfrog fails to defend itself.
You batter the bullfrog!!
You kill the bullfrog!
The Council accepts your kill.
Things that are here:
a +0 dagger; a basilisk skeleton
Found a stone staircase leading up.
w - a scroll labelled ARGHOZ REINOISCH
As you read the scroll labelled ARGHOZ REINOISCH, it crumbles to dust.
You hear a loud clanging noise!
It was a scroll of noise.
You hear a shout!
Harold the Weathered comes into view.
He is wielding a +4 glaive of venom and quivering a throwing net.
Harold hits you from afar with a +4 glaive of venom!
You are poisoned.
You feel very sick.
Harold hits you with a +4 glaive of venom!!
You are lethally poisoned!
You feel better.
Harold hits you with a +4 glaive of venom!
* * * LOW HITPOINT WARNING * * *
You are poisoned.
You feel better. You block Harold's attack.
You tentacle-slap Harold but do no damage.
You grab Harold. You squeeze Harold!
Harold is lightly wounded.
You constrict Harold.
Harold hits you with a +4 glaive of venom!
* * * LOW HITPOINT WARNING * * *
You are lethally poisoned!
You feel better.
You constrict Harold.
Harold says, "This is so exciting!
What a great way to end my career!"
Harold hits you with a +4 glaive of venom!!
You die...
Harold says, "Can't wait to tell my little ones about this."

##########...###
#...# #.#
####...## ...
#.......# ..#
#.......# ..#
#.......# ..#
#.......# ..#
#.......###..#
#...<.....@!.#
###########@......
..#.... ....#..
..... . #...#..
.... . .###.


You could see Harold.

Vanquished Creatures
  An elephant (D:9)
  Jeremiah (D:8)
  A hornet (D:9)
  Sigmund (D:6)
  5 yaks (D:8)
  2 wyverns
  2 basilisks (D:9)
  A steam dragon (D:6)
  A water moccasin (D:9)
  An ice beast (D:7)
  A black bear (D:8)
  2 sky beasts
  2 centaurs
  An ogre (D:5)
  2 phantoms
  A kobold brigand (D:9)
  6 bullfrogs
  2 scorpions (D:5)
  9 wights
  9 killer bees
  2 howler monkeys (D:6)
  2 hounds
  3 orc priests
  Crazy Yiuf (D:7)
  A jelly (D:6)
  Terence (D:2)
  5 iguanas
  6 orc wizards
  Robin (D:2)
  4 gnolls (D:5)
  3 adders
  A white imp (D:8)
  2 dart slugs
  19 orcs
  8 ball pythons
  5 bats
  8 endoplasms
  4 giant cockroaches
  13 goblins
  12 hobgoblins
  5 jackals
  6 kobolds
  A quokka (D:3)
  4 frilled lizards
  3 rats
171 creatures vanquished.

Vanquished Creatures (others)
  A giant cockroach (D:3)
1 creature vanquished.

Grand Total: 172 creatures vanquished

Notes
Turn   | Place    | Note
-------+----------+-------------------------------------------
     0 | D:1      | MollyMolluskus the Octopode Fighter began the quest for the
                  | Orb.
     0 | D:1      | Reached XP level 1. HP: 16/16 MP: 1/1
   190 | D:1      | Reached XP level 2. HP: 21/21 MP: 2/2
   246 | D:1      | Reached skill level 1 in Stealth
   369 | D:1      | Reached XP level 3. HP: 26/26 MP: 3/3
   783 | D:2      | Found a shimmering blue altar of Sif Muna.
  1028 | D:2      | Noticed Terence
  1077 | D:2      | Killed Terence
  1078 | D:2      | Reached skill level 3 in Unarmed Combat
  1078 | D:2      | Reached XP level 4. HP: 19/31 MP: 4/4
  1201 | D:2      | Noticed Robin
  1275 | D:2      | Killed Robin
  2204 | D:3      | Reached XP level 5. HP: 32/36 MP: 5/5
  2419 | D:4      | Found a shimmering blue altar of Sif Muna.
  3004 | D:4      | Reached XP level 6. HP: 34/43 MP: 6/6
  3010 | D:4      | Reached skill level 4 in Unarmed Combat
  3415 | D:5      | Entered Level 5 of the Dungeon
  3665 | D:5      | Reached XP level 7. HP: 41/48 MP: 7/7
  3672 | D:5      | Identified a scroll of acquirement
  3672 | D:5      | Acquired 766 gold pieces
  3735 | D:5      | Reached skill level 5 in Unarmed Combat
  4084 | D:6      | Noticed Sigmund
  4222 | D:6      | Killed Sigmund
  4223 | D:6      | Reached XP level 8. HP: 54/54 MP: 8/8
  4266 | D:6      | Reached skill level 5 in Dodging
  4266 | D:6      | Reached skill level 6 in Unarmed Combat
  4355 | D:6      | Reached skill level 5 in Fighting
  4462 | D:6      | Found an iron altar of Okawaru.
  4463 | D:6      | Found an ornate altar of the Wu Jian Council.
  4468 | D:6      | Became a worshipper of the Wu Jian Council
  4570 | D:6      | Found a staircase to the Ecumenical Temple.
  4865 | D:6      | Reached skill level 7 in Unarmed Combat
  5172 | D:7      | Reached XP level 9. HP: 46/62 MP: 9/9
  5289 | D:7      | Reached skill level 8 in Unarmed Combat
  5565 | D:7      | Found a runed translucent door.
  5566 | D:7      | Noticed Crazy Yiuf
  5572 | D:7      | Killed Crazy Yiuf
  5879 | D:7      | Reached * piety under Wu Jian
  5882 | D:7      | Identified the +3 short sword of Ofaqe {freeze, +Blink
                  | rCorr Int-3 Stlth+}
  6441 | D:8      | Reached skill level 1 in Evocations
  6535 | D:8      | Reached skill level 9 in Unarmed Combat
  6660 | D:8      | Found Seugitif's Magic Scroll Emporium.
  6851 | D:8      | Noticed Jeremiah
  6865 | D:8      | Killed Jeremiah
  6866 | D:8      | Reached XP level 10. HP: 34/71 MP: 10/10
  7463 | D:8      | Bought a scroll of blinking for 120 gold pieces
  7463 | D:8      | Bought a scroll of immolation for 64 gold pieces
  7573 | D:9      | Found Ynudd's Antique Weapon Shoppe.
  7676 | D:9      | Reached skill level 10 in Unarmed Combat
  7730 | D:9      | Found a staircase to the Lair.
  7730 | D:9      | Noticed an elephant
  7997 | D:9      | Killed an elephant
  8123 | D:9      | Reached ** piety under Wu Jian
  8393 | D:9      | Noticed Harold
  8399 | D:9      | Mangled by Harold

Illustrated notes

Levels and vault maps discovered:
D:1:      saegor_arrival_simple_d, layout_loops_ring,
          nicolae_concentric_dashed_squares_wild
D:2:      layout_basic, basic_altar, minmay_tromino_v2, uniq_terence, uniq_robin
D:3:      layout_basic, lemuel_flame_loot_1
D:4:      layout_basic, nicolae_sif_muna_condensation, minmay_puff
D:5:      layout_gridville, hex_medium
D:6:      layout_loops_ring, nicolae_overflow_two_pavilions,
          minmay_temple_entry_tees, uniq_sigmund
D:7:      layout_basic, uniq_crazy_yiuf_cottage
D:8:      layout_basic, serial_shops, shop, uniq_jeremiah
D:9:      layout_basic, david_lair_generic, serial_shops,
          nicolae_shop_statue_plus, uniq_harold

Skill      XL: |  1  2  3  4  5  6  7  8  9 10 |
---------------+-------------------------------+-----
Stealth        | 1 2 3 4 |  4.0
Unarmed Combat | 3 4 5 7 9 10 | 10.5
Fighting       | 4 5 7 |  7.8
Dodging        | 4 5 7 |  7.9
Shields        | 4 |  4.0
Evocations     | 2 4 |  4.0

Action                     |  1- 3 |  4- 6 |  7- 9 | 10-12 || total
---------------------------+-------+-------+-------+-------++-------
  Melee: Unarmed           |    66 |   145 |   199 |    75 ||   485
         Constrict         |    18 |    38 |    33 |    12 ||   101
         Punch             |     4 |     7 |     7 |     2 ||    20
         Tentacles         |    12 |    23 |    39 |    14 ||    88
         Short sword       |       |       |    10 |       ||    10
  Throw: Boomerang         |     2 |       |       |    10 ||    12
         Javelin           |       |       |     7 |       ||     7
         Dart              |       |       |    11 |       ||    11
Ability: Lunge             |       |       |    22 |    10 ||    32
         Whirlwind         |       |       |     6 |       ||     6
  Evoke: Wand              |       |       |     3 |     6 ||     9
    Use: Scroll            |     4 |     8 |     5 |     4 ||    21
         Potion            |       |       |     5 |     4 ||     9
   Stab: Sleeping          |     4 |    12 |    10 |     3 ||    29
         Paralysed         |       |       |       |     1 ||     1
 Armour: Skin              |    12 |    33 |   121 |    36 ||   202
  Dodge: Dodged            |    31 |    66 |   143 |    26 ||   266
  Block: Buckler           |    11 |    19 |    43 |     7 ||    80
